 Dungeon Crawl Stone Soup version 0.13.0-13-g27bfa31 (webtiles) character file.

226 Kejsarherre the Skirmisher (level 5, -1/32 HPs)
             Began as a Tengu Abyssal Knight on Oct 19, 2013.
             Was a Priest of Lugonu.
             Slain by an orc wizard
             ... wielding a -1,+1 orcish trident
              (9 damage)
             ... on Level 3 of the Dungeon.
             The game lasted 00:03:59 (2234 turns).

Kejsarherre the Skirmisher (Tengu Abyssal Knight)   Turns: 2234, Time: 00:04:00

HP  -1/32        AC  3     Str 12      XL: 5   Next: 20%
MP   5/8         EV 13     Int 12      God: Lugonu [***...]
Gold 89          SH 11     Dex 15      Spells:  0 memorised,  4 levels left

Res.Fire  : . . .   See Invis. : .   a - +2 falchion
Res.Cold  : . . .   Warding    : .   b - +0 leather armour
Life Prot.: . . .   Conserve   : .   e - +2 elf buckler
Res.Poison: .       Res.Corr.  : .   (helmet restricted)
Res.Elec. : .       Clarity    : .   (no cloak)
Sust.Abil.: . .     Spirit.Shd : .   (no gloves)
Res.Mut.  : .       Stasis     : .   (boots unavailable)
Res.Rott. : .       Flight     : +   r - amulet of inaccuracy {unknown}
Saprovore : . . .                    (no ring)
                                     t - ring of wizardry

@: flying, quick, slightly resistant to hostile enchantments, unstealthy
A: able to fly, beak, talons 3
a: Depart the Abyss, Bend Space, Banish, Renounce Religion


You were on level 3 of the Dungeon.
You worshipped Lugonu.
Lugonu was most pleased with you.
You were very hungry.

You visited 1 branch of the dungeon, and saw 3 of its levels.
You visited the Abyss 1 time.

You collected 69 gold pieces.

Inventory:

Hand weapons
 a - a +2,+2 falchion (weapon)
Armour
 b - a +0 leather armour (worn)
 e - a +2 elven buckler (worn)
Comestibles
 c - 3 bread rations
Scrolls
 g - a scroll of recharging {unknown}
 h - a scroll of fog {unknown}
 i - 4 scrolls of magic mapping {unknown}
 n - 2 scrolls of remove curse {unknown}
 p - a scroll of teleportation {unknown}
 q - 2 scrolls of identify {unknown}
 s - a scroll of amnesia {unknown}
 v - a scroll of enchant armour {unknown}
Jewellery
 r - an amulet of inaccuracy (around neck) {unknown}
 t - a ring of wizardry (left hand)
 u - an uncursed amulet of clarity {unknown}
Potions
 d - a potion of restore abilities {unknown}
 f - a potion of brilliance {unknown}
 j - a potion of might {unknown}
 l - a potion of curing
 m - a potion of agility {unknown}
 o - a potion of speed {unknown}


   Skills:
 + Level 3.6 Fighting
 + Level 3.4 Long Blades
 + Level 2.9 Armour
 + Level 2.3 Dodging
 * Level 2.0 Shields
 - Level 1.5 Invocations


You had 4 spell levels left.
You didn't know any spells.

Dungeon Overview and Level Annotations

Branches:
Dungeon (3/27)

Altars:


Innate Abilities, Weirdness & Mutations

You can fly.
You have a beak for a mouth.
You have claws for feet.


Message History

The orc wizard picks up an uncursed glowing orcish dagger.
Use which ability? (? or * to list)
You swoop lightly up into the air.
You feel somewhat more hungry. The orc hits you with an orcish flail.
You block the orc wizard's attack.
Unknown command.
You hit the orc wizard. You claw the orc wizard.
Your peck misses the orc wizard.
The orc wizard is heavily wounded.
The orc closely misses you.
The orc wizard hits you with an orcish trident.
You miss the orc wizard.
You claw the orc wizard, but do no damage.
The orc wizard is heavily wounded.
You block the orc's attack.
You closely miss the orc wizard.
The orc wizard is heavily wounded.
The orc hits you with an orcish flail!
* * * LOW HITPOINT WARNING * * *
The orc wizard hits you with an orcish trident!
You die...

. ... .. .. ######. )..o.
#oo# ...# .# #o@# #...# .#
#..# #...#####.# #..#
##.........####..# #
.................######..#
.............###...........
.............# #...........
.............# #..#########
.............# #..#


You could see an orc wizard and 3 orcs.

Vanquished Creatures
  An orc priest (D:3)
  3 adders
  A giant mite (D:2)
  A worm (D:2)
  2 oozes (D:2)
  3 orcs
  8 hobgoblins
  2 jackals (D:1)
  7 kobolds
  A quokka (D:2)
  A ball python (D:1)
  3 bats
  6 giant cockroaches
  3 giant geckos
  5 giant newts
  7 goblins
  10 rats
64 creatures vanquished.

Notes
Turn   | Place    | Note
--------------------------------------------------------------
     0 | Abyss:1  | Kejsarherre, the Tengu Abyssal Knight, began the quest for the Orb.
     0 | Abyss:1  | Reached XP level 1. HP: 12/12 MP: 1/1
    49 | Abyss:1  | Noticed a starcursed mass
    63 | Abyss:1  | Found a corrupted altar of Lugonu.
    79 | D:1      | Escaped the Abyss
   220 | D:1      | Reached XP level 2. HP: 17/17 MP: 3/3
   240 | D:1      | Acquired Lugonu's second power
   559 | D:1      | Reached XP level 3. HP: 16/22 MP: 4/4
   821 | D:2      | Acquired Lugonu's third power
  1073 | D:2      | Reached skill level 1 in Shields
  1073 | D:2      | Reached XP level 4. HP: 14/27 MP: 6/6
  2002 | D:3      | Reached XP level 5. HP: 29/32 MP: 8/8
  2234 | D:3      | Slain by an orc wizard

Action                   |  1- 3 |  4- 6 || total
-------------------------+-------+-------++-------
Melee: Falchion          |    88 |    75 ||   163
 Abil: Fly               |       |     1 ||     1
  Use: Potion            |       |     1 ||     1
 Stab: Sleeping          |     1 |       ||     1
